 Dungeon Crawl Stone Soup version 0.26-a0-662-g8b9c6dab81 (webtiles) character file.

Game seed: 8786228611121821958

87256 TigOlBitties the Eclecticist (level 15, -2/91 HPs)
             Began as a Deep Elf Air Elementalist on Oct 10, 2020.
             Was an Elder of Vehumet.
             Slain by a hornet (11 damage)
             ... while paralysed by a hornet
             ... on level 6 of the Lair of Beasts.
             The game lasted 01:47:19 (37363 turns).

TigOlBitties the Eclecticist (DEAE)                Turns: 37363, Time: 01:47:20

Health: -2/91      AC:  9    Str:  7    XL:     15   Next: 43%
Magic:  44/59      EV:  2    Int: 41    God:    Vehumet [****..]
Gold:   926        SH:  0    Dex: 20    Spells: 29/52 levels left

rFire    + . .     SeeInvis .   C - staff of air
rCold    . . .     Faith    .   (no shield)
rNeg     . . .     Spirit   .   L - +2 robe {MR+}
rPois    .         Reflect  .   H - +3 hat of Pondering {ponderous, MR+ MP+10 Int+5}
rElec    +         Harm     .   y - +1 cloak of the Untouchables {Int+4 Dex+4}
rCorr    .         Rampage  .   (no gloves)
MR       +++..                  (no boots)
Stlth    +++++.....             A - amulet of magic regeneration
HPRegen  0.25/turn              S - ring of protection from fire
MPRegen  0.61/turn              P - ring "Jyxtos" {MP+9 Str+2 Int+6}

@: paralysed, lethally poisoned (-2 -> -28), about to teleport, slowed, slow
A: no striking features
a: Renounce Religion


You were on level 6 of the Lair of Beasts.
You worshipped Vehumet.
Vehumet was greatly pleased with you.
You visited 3 branches of the dungeon, and saw 21 of its levels.
You also visited: Ossuary, Bailey and Ice Cave.

You collected 2553 gold pieces.
You spent 1627 gold pieces at shops.

Inventory:

Hand Weapons
 c - a +2 dagger of venom
 r - the +1 rapier of Calamity {freeze, +Fly rC- Str+6}
   (You found it on level 10 of the Dungeon)

   It has been specially enchanted to freeze those struck by it, causing extra
   injury to most foes and up to half again as much damage against particularly
   susceptible opponents.
   It can also slow down cold-blooded creatures.
   It affects your strength (+6).
   It makes you vulnerable to cold.
   It lets you fly.
Armour
 v - a +2 cloak of magic resistance
 y - the +1 cloak of the Untouchables (worn) {Int+4 Dex+4}
   (You found it in an ice cave)

   It affects your intelligence (+4).
   It affects your dexterity (+4).
 H - the +3 hat of Pondering (worn) {ponderous, MR+ MP+10 Int+5}
   (You took it off Gastronok on level 8 of the Dungeon)

   It affects your intelligence (+5).
   It affects your resistance to hostile enchantments.
   It affects your magic capacity (+10).
 L - a +2 robe of magic resistance (worn)
 V - a +2 robe of cold resistance
Magical Staves
 C - an uncursed staff of air (weapon)
 W - an uncursed staff of cold
Jewellery
 b - a +4 ring of evasion
 l - an uncursed ring of see invisible
 A - an amulet of magic regeneration (around neck)
 E - an uncursed ring of wizardry
 I - a +4 ring of protection
 J - an uncursed ring of flight
 P - the ring "Jyxtos" (right hand) {MP+9 Str+2 Int+6}
   (You bought it in a shop on level 7 of the Dungeon)

   [ring of intelligence]

   It affects your strength (+2).
   It affects your intelligence (+6).
   It affects your magic capacity (+9).
 R - an uncursed ring of positive energy
 S - a ring of protection from fire (left hand)
 Y - an uncursed ring of ice
Wands
 o - a wand of digging (6)
 u - a wand of paralysis (18)
 x - a wand of disintegration (52)
 B - a wand of flame (76)
 G - a wand of iceblast (9)
 K - a wand of enslavement (11)
 T - a wand of acid (7)
Scrolls
 e - 3 scrolls of enchant weapon
 g - 14 scrolls of remove curse
 i - 2 scrolls of identify
 j - 4 scrolls of enchant armour
 k - 2 scrolls of immolation
 m - 12 scrolls of teleportation
 t - 2 scrolls of magic mapping
 w - 4 scrolls of amnesia
 M - 3 scrolls of fog
 X - a scroll of holy word
 Z - a scroll of vulnerability
Potions
 a - 4 potions of flight
 d - 4 potions of might
 f - 15 potions of curing
 h - 4 potions of lignification
 n - 2 potions of haste
 q - 4 potions of mutation
 s - 6 potions of stabbing
 D - a potion of cancellation
Miscellaneous
 F - a phantom mirror
 Q - a phial of floods
 U - a phial of floods


   Skills:
 - Level 9.4 Fighting
 + Level 10.4 Dodging
 - Level 9.7 Stealth
 + Level 19.1 Spellcasting
 - Level 7.7 Conjurations
 + Level 15.4 Air Magic


You had 29 spell levels left.
You knew the following spells:

 Your Spells              Type           Power        Failure   Level
a - Shock                 Conj/Air       ####         0%          1
b - Swiftness             Air            ########     0%          2
c - Airstrike             Air            ########..   0%          4
d - Lightning Bolt        Conj/Air       ########..   1%          5
e - Blink                 Tloc           N/A          1%          2
f - Tornado               Air            ########..   28%         9

Your spell library contained the following spells:

 Spells                   Type           Power        Failure   Level
 Conjure Ball Lightning   Conj/Air       ########..   1%          6
 Static Discharge         Conj/Air       ########     0%          3
 Animate Skeleton         Necr           #####.       1%          1
 Apportation              Tloc           #####.       1%          1
 Beastly Appendage        Tmut           #####.       1%          1
 Corona                   Hex            #####..      1%          1
 Sting                    Tmut/Pois      ####         1%          1
 Summon Small Mammal      Summ           ####         1%          1
 Poisonous Vapours        Pois/Air       ######       1%          2
 Slow                     Hex            #####...     1%          2
 Wereblood                Tmut           #####...     1%          2
 Frozen Ramparts          Ice            #####.       1%          3
 Gell's Gravitas          Tloc           #####.....   1%          3
 Ignite Poison            Fire/Tmut/Pois #####...     1%          3
 Inner Flame              Hex/Fire       #####...     1%          3
 Lesser Beckoning         Tloc           #####.....   1%          3
 Mephitic Cloud           Conj/Pois/Air  ########     1%          3
 Ozocubu's Armour         Ice            #####...     1%          3
 Portal Projectile        Hex/Tloc       #####.       1%          3
 Spider Form              Tmut/Pois      #####.....   1%          3
 Teleport Other           Tloc           #####...     1%          3
 Olgreb's Toxic Radiance  Pois           #####...     1%          4
 Silence                  Hex/Air        ########..   1%          5
 Cause Fear               Hex            #####.....   6%          4
 Ice Form                 Ice/Tmut       #####...     6%          4
 Leda's Liquefaction      Hex/Erth       #####.....   6%          4
 Passage of Golubria      Tloc           N/A          6%          4
 Orb of Destruction       Conj           #######...   6%          7
 Blade Hands              Tmut           #####.....   19%         5
 Dragon Form              Tmut           #####.....   99%         7
 Malign Gateway           Summ/Tloc      #####.....   99%         7
 Summon Hydra             Summ           #####.....   99%         7


Dungeon Overview and Level Annotations

Branches:
Dungeon (14/15)            Temple (1/1) D:6            Lair (6/6) D:11
 Shoals (0/4) Lair:3        Snake (0/4) Lair:4        Slime (0/5) Lair:5
    Orc (0/2) D:9         Ossuary (visited)          Bailey (visited)
  IceCv (visited)
 Vaults: D:13-14

Altars:
Ashenzari
Cheibriados
Dithmenos
Elyvilon
Fedhas
Gozag
Hepliaklqana
Kikubaaqudgha
Makhleb
Nemelex Xobeh
Okawaru
Qazlal
Ru
Sif Muna
Trog
Uskayaw
Vehumet
Wu Jian
Xom
Yredelemnul
Zin
The Shining One
Jiyva

Shops:
D:5 *   D:7 *(==?   D:10 :[?   D:12 =

Annotations:
D:13 Urug
D:14 exclusion: orange crystal statue
Lair:3 3 runed translucent doors, HellBreezer's ghost, journeyman MiGl; Misha's ghost, journeyman MfGl; R007833r's ghost, journeyman DrBe


Message History

As you read the scroll of teleportation, it crumbles to dust.
You feel strangely unstable.
You feel sick. The hornet stings you!
* * * LOW HITPOINT WARNING * * *
You are lethally poisoned!
You feel as though you will be slow longer.
You feel much better.
You feel very sick.
A nearby plant withers and dies.
The hornet misses you. The hornet completely misses you.
The torpor snail bites you!
* * * LOW HITPOINT WARNING * * *
The hornet completely misses you.
You feel much better.
You feel very sick. The hornet stings you!
* * * LOW HITPOINT WARNING * * *
You are lethally poisoned!
You suddenly lose the ability to move!
The torpor snail bites you!
* * * LOW HITPOINT WARNING * * *
The hornet stings you!
You die...

#....#####....#
####... ###..##
#.....# #..#
##..# #....##
#..# #..####..##
#P.. . ##...#'###
#... ..# ##...##
###P ....##
###.8.# ##
#.$...#####w†..##
# #....#.#.y@###
#.......##
###...### #####


You could see a torpor snail and a hornet.

Vanquished Creatures
  Rupert (D:12)
  Gastronok (D:8)
  A frost giant (IceCv)
  A fire dragon (Lair:6)
  Harold (D:11)
  Fannar (Lair:3)
  6 hydras
  Erolcha (D:12)
  6 centaur warriors
  3 boulder beetles
  16 death yaks
  The ghost of Woodmanan the Martial Artist, a novice GnTm of Cheibriados (D:9)
  A tengu warrior (D:10)
  5 skeletal warriors
  Pikel (D:6)
  3 lindwurms
  2 oklob plants (Lair:3)
  5 ugly things (D:14)
  A centaur zombie (D:14)
  A spectral centaur (D:9)
  A cyclops (shapeshifter) (D:11)
  12 elephants
  3 cyclopes
  An ice statue (IceCv)
  4 black mambas
  Joseph (D:8)
  4 torpor snails
  12 cane toads
  8 rime drakes
  Maggie (D:6)
  9 komodo dragons
  A troll (D:8)
  A meliai (D:8)
  A tyrant leech (Lair:6)
  16 polar bears
  11 blink frogs
  Prince Ribbit (D:6)
  2 hornets
  11 dream sheep
  A snapping turtle (Lair:3)
  2 centaur simulacra (D:9)
  62 yaks
  Sigmund (D:6)
  A vampire (D:14)
  7 wyverns
  A shadow (D:9)
  7 basilisks
  Grum (D:9)
  Menkaure (D:7)
  3 nagas (Lair:4)
  A two-headed ogre zombie (D:9)
  14 water moccasins
  11 ice beasts
  9 orc warriors
  4 sky beasts
  7 black bears
  2 phantoms (D:9)
  An eye of draining (D:9)
  A necrophage (D:11)
  An ogre (D:6)
  36 wolves
  14 centaurs
  A lemure (D:6)
  5 big kobolds
  13 bullfrogs
  A wyvern zombie (D:8)
  3 scorpions
  3 troll zombies (D:9)
  A water moccasin skeleton (D:7)
  4 howler monkeys
  14 wights
  3 electric eels (Lair:3)
  4 quasits
  A gnoll shaman (D:4)
  3 bullfrog skeletons
  A wyvern simulacrum (D:9)
  5 hounds
  4 jellies
  3 centaur skeletons
  8 orc priests
  6 iguanas
  10 orc wizards
  10 worker ants
  2 big kobold zombies (Ossuary)
  4 ogre zombies (D:9)
  A hound zombie (D:5)
  A hound skeleton (D:9)
  8 mummies (Ossuary)
  A howler monkey skeleton (D:4)
  A worker ant zombie (D:11)
  11 adders
  3 gnolls (D:4)
  2 shadow imps
  An ufetubus (D:7)
  2 oozes
  An adder zombie (D:8)
  An adder skeleton (D:7)
  4 worms
  3 leopard geckos
  40 orcs
  3 ball pythons
  6 bats
  3 giant cockroaches
  14 goblins
  7 hobgoblins
  16 jackals
  44 kobolds
  5 quokkas
  6 frilled lizards
  3 gnoll zombies (Ossuary)
  A goblin skeleton (D:9)
  2 goblin zombies (D:9)
  A hobgoblin skeleton (D:9)
  3 hobgoblin zombies
  3 jackal skeletons
  A kobold zombie (Ossuary)
  A leopard gecko skeleton (D:5)
  An orc skeleton (D:9)
  19 orc zombies (D:9)
  A quokka zombie (D:5)
  7 rats
682 creatures vanquished.

Vanquished Creatures (others)
  69 fungi
  123 plants
  11 toadstools (Lair:3)
  4 withered plants (Lair:3)
207 creatures vanquished.

Grand Total: 889 creatures vanquished

Notes
Turn   | Place    | Note
-------+----------+-------------------------------------------
     0 | D:1      | TigOlBitties the Deep Elf Air Elementalist began the quest
                  | for the Orb.
     0 | D:1      | Reached XP level 1. HP: 10/10 MP: 6/6
   206 | D:1      | Reached XP level 2. HP: 15/15 MP: 1/8
   227 | D:1      | Learned a level 2 spell: Swiftness
  1026 | D:1      | Reached XP level 3. HP: 19/19 MP: 8/10
  1763 | D:2      | Reached skill level 4 in Spellcasting
  2155 | D:2      | Reached XP level 4. HP: 24/24 MP: 10/12
  2438 | D:2      | Found a shadowy altar of Dithmenos.
  2439 | D:2      | Found a hazy altar of Hepliaklqana.
  2439 | D:2      | Found a broken altar of Ashenzari.
  3679 | D:4      | Reached XP level 5. HP: 24/28 MP: 9/14
  3882 | D:4      | Learned a level 4 spell: Airstrike
  3897 | D:4      | Reached skill level 5 in Spellcasting
  4066 | D:4      | Found a shimmering altar of Xom.
  4086 | D:4      | Reached XP level 6. HP: 32/32 MP: 6/16
  4877 | D:4      | Reached skill level 6 in Spellcasting
  4877 | D:4      | Reached skill level 5 in Air Magic
  5212 | D:5      | Entered Level 5 of the Dungeon
  5436 | D:5      | Found a white marble altar of Elyvilon.
  5436 | D:5      | Found a snail-covered altar of Cheibriados.
  5441 | D:5      | Found a shimmering blue altar of Sif Muna.
  5443 | D:5      | Found a hide-covered altar of Uskayaw.
  5445 | D:5      | Found an ancient bone altar of Kikubaaqudgha.
  5743 | D:5      | Reached XP level 7. HP: 36/36 MP: 13/18
  5895 | D:5      | Found Riusket's Assorted Antiques.
  5898 | D:5      | Bought a scroll of identify for 58 gold pieces
  5898 | D:5      | Bought a scroll of identify for 58 gold pieces
  6439 | D:5      | Reached skill level 5 in Stealth
  7193 | D:5      | Reached skill level 7 in Spellcasting
  7825 | D:6      | Noticed Pikel
  7841 | D:6      | Killed Pikel
  7841 | D:6      | Reached skill level 8 in Spellcasting
  7841 | D:6      | Reached XP level 8. HP: 41/41 MP: 1/22
  8266 | D:6      | Noticed Prince Ribbit
  8269 | D:6      | Killed Prince Ribbit
  8593 | D:6      | Found a staircase to the Ecumenical Temple.
  8609 | Temple   | Entered the Ecumenical Temple
  8650 | Temple   | Became a worshipper of Vehumet
  8745 | D:6      | Noticed Maggie
  8756 | D:6      | Learned a level 5 spell: Lightning Bolt
  8773 | D:6      | Killed Maggie
  8773 | D:6      | Reached skill level 9 in Spellcasting
  9456 | D:6      | Noticed Sigmund
  9458 | D:6      | Killed Sigmund
  9458 | D:6      | Reached XP level 9. HP: 25/45 MP: 15/24
  9829 | D:7      | Found Pelloqou's Jewellery Shop.
  9900 | D:7      | Found Miula's Jewellery Emporium.
 10168 | D:7      | Found Cizonaxi's Weapon Emporium.
 10194 | D:7      | Noticed Menkaure
 10195 | D:7      | Found a sand-covered staircase.
 10198 | D:7      | Killed Menkaure
 10198 | D:7      | Reached skill level 10 in Spellcasting
 10232 | Ossuary  | Entered an ossuary
 11291 | Ossuary  | Reached * piety under Vehumet
 11291 | Ossuary  | Offered knowledge of Foxfire by Vehumet.
 11507 | D:7      | Bought an uncursed amulet of magic regeneration for 360
                  | gold pieces
 11814 | D:7      | Found Nizufo's Assorted Antiques.
 11893 | D:7      | Found a bloodstained altar of Trog.
 12205 | D:7      | Found Qaenkiusm's Magic Scroll Shop.
 12425 | D:8      | Noticed Gastronok
 12619 | D:8      | Killed Gastronok
 12619 | D:8      | Reached skill level 5 in Dodging
 12619 | D:8      | Reached skill level 11 in Spellcasting
 12619 | D:8      | Reached XP level 10. HP: 45/50 MP: 1/27
 12870 | D:8      | Noticed a centaur warrior
 12870 | D:8      | Noticed a centaur warrior
 13386 | D:8      | Killed a centaur warrior
 13386 | D:8      | Reached skill level 12 in Spellcasting
 13954 | D:8      | Killed a centaur warrior
 13954 | D:8      | Reached skill level 10 in Air Magic
 14117 | D:8      | Identified The Lost Secrets of Thaumaturgy
 14319 | D:8      | Noticed Joseph
 14333 | D:8      | Killed Joseph
 14375 | D:8      | Reached XP level 11. HP: 26/54 MP: 29/29
 14586 | D:8      | Found a sparkling altar of Nemelex Xobeh.
 14588 | D:8      | Found an opulent altar of Gozag.
 14654 | D:8      | Noticed a centaur warrior
 14662 | D:8      | Killed a centaur warrior
 14662 | D:8      | Reached skill level 1 in Fighting
 14931 | D:8      | Found an ornate altar of the Wu Jian Council.
 15167 | D:9      | Found a runed translucent gate.
 15167 | D:9      | Found a runed translucent gate.
 15167 | D:9      | Found a runed translucent gate.
 15172 | D:9      | Noticed Woodmanan's ghost (novice GnTm)
 15182 | D:9      | Offered knowledge of Sandblast by Vehumet.
 15182 | D:9      | Reached skill level 13 in Spellcasting
 15423 | D:9      | Killed Woodmanan's ghost
 15423 | D:9      | Reached ** piety under Vehumet
 16202 | D:9      | Offered knowledge of Searing Ray by Vehumet.
 16413 | D:9      | Found a staircase to the Orcish Mines.
 16470 | D:9      | Reached *** piety under Vehumet
 16602 | D:9      | Noticed Grum
 16946 | D:9      | Killed Grum
 17067 | D:9      | Offered knowledge of Ignite Poison by Vehumet.
 18007 | D:10     | Entered Level 10 of the Dungeon
 18111 | D:10     | Found Urphut's Book Emporium.
 18118 | D:10     | Reached **** piety under Vehumet
 18153 | D:10     | Found Mexeum's Armour Shop.
 18225 | D:10     | Got an encrusted rapier
 18234 | D:10     | Identified the +1 rapier of Calamity {freeze, +Fly rC-
                  | Str+6} (You found it on level 10 of the Dungeon)
 18254 | D:10     | Noticed a tengu warrior
 18272 | D:10     | Killed a tengu warrior
 18272 | D:10     | Reached skill level 14 in Spellcasting
 18447 | D:10     | Found Boesat's Magic Scroll Shoppe.
 18487 | D:10     | Found a flagged portal.
 18500 | Bailey   | Entered a bailey
 18559 | Bailey   | Offered knowledge of Mephitic Cloud by Vehumet.
 18799 | Bailey   | Found a burning altar of Makhleb.
 19493 | D:11     | Noticed a skeletal warrior
 19494 | D:11     | Noticed a skeletal warrior
 19509 | D:11     | Killed a skeletal warrior
 19645 | D:11     | Noticed Harold
 19688 | D:11     | Learned a level 2 spell: Blink
 19707 | D:11     | Reached XP level 12. HP: 67/67 MP: 31/32
 19996 | D:11     | Found a staircase to the Lair.
 20013 | D:11     | Reached ***** piety under Vehumet
 20013 | D:11     | Offered knowledge of Bolt of Magma by Vehumet.
 20074 | D:11     | Killed Harold
 20074 | D:11     | Reached skill level 5 in Fighting
 20543 | D:11     | You fall into a shaft and drop 3 floors!
 20619 | D:14     | Noticed a boulder beetle
 20631 | D:14     | Killed a boulder beetle
 20631 | D:14     | Reached skill level 15 in Spellcasting
 20757 | D:14     | Noticed a four-headed hydra
 20772 | D:14     | Killed a four-headed hydra
 21091 | D:14     | Noticed a centaur warrior
 21270 | D:14     | Killed a centaur warrior
 21532 | D:13     | Noticed Urug
 21978 | D:14     | Noticed a centaur warrior
 21991 | D:14     | Killed a centaur warrior
 22248 | D:13     | Noticed a centaur warrior
 22259 | D:13     | Killed a centaur warrior
 22266 | D:13     | Noticed a centaur warrior
 22271 | D:13     | Noticed an ironheart preserver
 22333 | D:12     | Found Lysuzar's Jewellery Shoppe.
 22407 | D:12     | Noticed Erolcha
 22682 | D:12     | Killed Erolcha
 22682 | D:12     | Reached skill level 16 in Spellcasting
 22682 | D:12     | Reached XP level 13. HP: 47/76 MP: 32/35
 22817 | D:12     | Noticed Rupert
 22829 | D:12     | Killed Rupert
 24377 | Lair:1   | Entered Level 1 of the Lair of Beasts
 24892 | D:7      | Bought the ring "Jyxtos" {MP+9 Str+2 Int+6} for 1151 gold
                  | pieces
 26254 | Lair:2   | Reached skill level 17 in Spellcasting
 26293 | Lair:2   | Reached skill level 5 in Conjurations
 27474 | Lair:3   | Found a staircase to the Shoals.
 28136 | Lair:3   | Reached XP level 14. HP: 84/84 MP: 37/37
 28596 | Lair:3   | Found a runed translucent door.
 28869 | Lair:3   | Noticed Fannar
 28953 | Lair:3   | Killed Fannar
 29259 | Lair:3   | Found a runed translucent gate.
 29259 | Lair:3   | Found a runed translucent gate.
 29263 | Lair:3   | Noticed R007833r's ghost (journeyman DrBe)
 29263 | Lair:3   | Noticed Misha's ghost (journeyman MfGl)
 29264 | Lair:3   | Found a runed translucent gate.
 29264 | Lair:3   | Noticed HellBreezer's ghost (journeyman MiGl)
 29939 | Lair:4   | Found a frozen archway.
 29997 | IceCv    | Entered an ice cave
 30879 | IceCv    | Offered knowledge of Conjure Ball Lightning by Vehumet.
 31128 | IceCv    | Got a dazzling cloak
 31147 | IceCv    | Identified the +1 cloak of the Untouchables {Int+4 Dex+4}
                  | (You found it in an ice cave)
 31950 | IceCv    | Noticed a frost giant
 32777 | IceCv    | Killed a frost giant
 32777 | IceCv    | Reached skill level 18 in Spellcasting
 33723 | Lair:4   | Found a staircase to the Snake Pit.
 34699 | Lair:5   | Found a viscous altar of Jiyva.
 34700 | Lair:5   | Found a staircase to the Slime Pits.
 35450 | Lair:5   | Identified a scroll of acquirement
 35451 | Lair:5   | Acquired Nogreud's Reference Book on the Glacier and
                  | Feathers
 35465 | Lair:5   | Learned a level 9 spell: Tornado
 35485 | Lair:6   | Entered Level 6 of the Lair of Beasts
 35600 | Lair:6   | Reached XP level 15. HP: 91/91 MP: 35/39
 35600 | Lair:6   | Reached skill level 15 in Air Magic
 36490 | Lair:6   | Reached skill level 10 in Dodging
 36492 | Lair:6   | Reached skill level 19 in Spellcasting
 37222 | Lair:6   | Found a runed translucent door.
 37363 | Lair:6   | Paralysed by a hornet for 2 turns
 37363 | Lair:6   | Slain by a hornet

Illustrated notes

Levels and vault maps discovered:
D:1:      mushboom_english_gardens, layout_basic
D:2:      layout_rooms, chequers_temple_overflow_statue_of_worship
D:3:      layout_rooms, corexii_corridor_pit, minivault_11
D:4:      black_bear_nest_1, layout_basic, nicolae_overflow_crystal_walls
D:5:      layout_gridville, chequers_temple_overflow_minitemple, serial_shops,
          nicolae_shop_trees
D:6:      layout_basic, minmay_temple_entry_offerings, uniq_pikel, uniq_sigmund,
          uniq_maggie, uniq_prince_ribbit1
D:7:      layout_gridville, trog_ov_bears_minmay, serial_shops, shop_scrolls,
          kennysheep_mini, shop, shop, shop,
          lightli_ossuary_entry_decrepit_ruins, uniq_menkaure
D:8:      layout_loops_ring, grunt_temple_overflow_opulence,
          kennysheep_mini_moat, minivault_12, uniq_joseph, uniq_gastronok
D:9:      layout_loops_corners, zombieorc2_lemuel, gammafunk_ghost_necromancy,
          uniq_grum
D:10:     layout_cave_pools, enter_bailey_3, serial_shops, shop, shop,
          shop_fountains, minmay_shattered_shrine
D:11:     layout_rooms, minmay_lair_entry_grove,
          portal_ice_cave_entry_ice_beasts, serial_co_window_serial,
          co_window_paths_b, co_window_paths_a, co_window_corner_a,
          co_window_paths_a, co_window_corner_a, co_window_2corner,
          co_window_of_opportunity_b, co_window_broadway_c, co_window_corner_cb,
          co_window_corner_b, co_window_paths_c, co_window_paths_e,
          glass_columns_c, glass_columns_b, glass_columns_a, glass_columns_b,
          uniq_harold
D:12:     kennysheep_six_static_rooms, layout_basic, serial_shops, shop, shop,
          kennysheep_generic_room_9, uniq_rupert, uniq_erolcha
D:13:     layout_small_grid, skrybe_vaults_entry_preservation, serial_shops,
          kennysheep_little_box, uniq_urug
D:14:     layout_loops_cross, minmay_protected_statue
Temple:   kb_temple_of_zot
Lair:1:   layout_gridlike
Lair:2:   layout_cave_pods
Lair:3:   gammafunk_lair_enchanted_lake, layout_layer_cave,
          minmay_shoals_entry_hut, gammafunk_ghost_cemetery, lemuel_fruit_tree,
          minmay_lair_oklob_chamber, grunt_megastairs_3, uniq_fannar
Lair:4:   layout_cave_pods, guppyfry_snake_entry_garden,
          portal_ice_cave_entry_pillars_1
Lair:5:   layout_big_grid, slime_altar_1
Lair:6:   hangedman_lair_in_review, layout_loops_ring, wormcave

Skill      XL: |  1  2  3  4  5  6  7  8  9 10 11 12 13 14 15 |
---------------+----------------------------------------------+-----
Conjurations   | 2 3 5 7 |  7.7
Spellcasting   | 4 5 6 8 9 11 12 14 16 17 18 19 | 19.1
Air Magic      | 4 5 6 7 9 10 11 12 13 14 15 | 15.4
Stealth        | 3 4 6 8 9 |  9.7
Dodging        | 5 7 9 10 | 10.4
Fighting       | 4 7 8 9 |  9.4

Action                   |  1- 3 |  4- 6 |  7- 9 | 10-12 | 13-15 || total
-------------------------+-------+-------+-------+-------+-------++-------
Melee: Dagger            |    17 |    16 |    24 |       |       ||    57
       Staff             |       |       |       |     4 |    11 ||    15
 Cast: Shock             |    52 |    85 |    25 |    15 |     3 ||   180
       Airstrike         |       |    29 |   139 |   470 |   543 ||  1181
       Lightning Bolt    |       |       |       |    20 |    66 ||    86
       Swiftness         |       |       |       |     4 |     2 ||     6
 Abil: Evoke Flight      |       |       |       |       |     1 ||     1
Evoke: Wand              |       |       |       |     1 |       ||     1
  Use: Scroll            |       |     1 |     7 |    23 |    12 ||    43
       Potion            |       |       |     1 |     2 |     3 ||     6
Armor: Robe              |     2 |     3 |     7 |    21 |    25 ||    58
Dodge: Dodged            |    16 |    25 |    34 |   126 |   109 ||   310

Table legend: (Time is in decaauts)
 A = Elapsed time spent in this place.
 B = Non-inter-level travel time spent in this place.
 C = Inter-level travel time spent in this place.
 D = Time resting spent in this place.
 E = Time spent auto-exploring this place.
 F = Levels seen in this place.
 G = Mean time per level.
                   A        B        C        D        E       F      G
               +--------+--------+--------+--------+--------+-----+--------+
         Total |  38499 |  37829 |    670 |  19490 |   8448 |  24 | 1604.1 |
       Dungeon |  23420 |  22973 |    447 |  12317 |   5520 |  14 | 1672.9 |
        Temple |     71 |     71 |      0 |      0 |      0 |   1 |   71.0 |
          Lair |  10425 |  10203 |    222 |   4178 |   2703 |   6 | 1737.5 |
       Ossuary |   1248 |   1248 |      0 |    904 |    131 |   1 | 1248.0 |
        Bailey |    363 |    363 |      0 |    175 |      0 |   1 |  363.0 |
      Ice Cave |   2969 |   2969 |      0 |   1916 |     94 |   1 | 2969.0 |
               +--------+--------+--------+--------+--------+-----+--------+

Top non-repeatable levels by time:
   IceCv: 2969 daAuts
     D:9: 2892 daAuts
     D:8: 2873 daAuts
  Lair:3: 2507 daAuts
    D:11: 2477 daAuts
     D:6: 2167 daAuts
     D:5: 2085 daAuts
  Lair:2: 2072 daAuts
     D:4: 1778 daAuts
    D:14: 1724 daAuts
  Lair:6: 1720 daAuts
  Lair:4: 1720 daAuts
     D:7: 1672 daAuts
  Lair:5: 1549 daAuts
     D:1: 1548 daAuts
